 Dungeon Crawl Stone Soup version 0.22-a0-352-gc608dd7 (webtiles) character file.

315 Amnesiac the Digger (level 6, -2/42 HPs)
             Began as a Mummy Earth Elementalist on Apr 15, 2018.
             Killed from afar by an orc wizard (12 damage)
             ... with a puff of flame
             ... on level 4 of the Dungeon.
             The game lasted 00:04:27 (1845 turns).

Amnesiac the Digger (Mummy Earth Elementalist)      Turns: 1845, Time: 00:04:28

Health: -2/42      AC:  3    Str: 11    XL:     6   Next: 19%
Magic:  11/11      EV: 12    Int: 17    God:
Gold:   93         SH:  0    Dex: 12    Spells: 5/12 levels left

rFire    x . .     SeeInvis .   a - +0 dagger (venom)
rCold    + . .     Gourm    .   (no shield)
rNeg     + + +     Faith    .   c - +0 robe
rPois    ∞         Spirit   .   d - +0 helmet
rElec    .         Reflect  .   (no cloak)
rCorr    .         Harm     .   (no gloves)
MR       .....                  (no boots)
Stlth    ++........             (no amulet)
HPRegen  0.14/turn              e - ring of stealth
MPRegen  0.12/turn              (no ring)

@: confused
A: no food or potions, fire vulnerability, cold resistance 1, negative energy
resistance 3, torment resistance, unbreathing
a: no special abilities


You were on level 4 of the Dungeon.
You were not hungry.

You visited 1 branch of the dungeon, and saw 4 of its levels.

You collected 93 gold pieces.

Inventory:

Hand Weapons
 a - a +0 dagger of venom (weapon)
Armour
 c - a +0 robe (worn)
 d - a +0 helmet (worn)
Jewellery
 e - a ring of stealth (left hand)
Scrolls
 b - 2 scrolls of teleportation {!r, unknown}


   Skills:
 - Level 0.4 Fighting
 - Level 3.1 Short Blades
 - Level 1.9 Dodging
 - Level 1.5 Stealth
 - Level 3.6 Spellcasting
 + Level 2.0 Transmutations
 - Level 3.6 Earth Magic


You had 5 spell levels left.
You knew the following spells:

 Your Spells              Type           Power        Failure   Level  Hunger
a - Sandblast             Erth           ###...       3%          1    N/A
b - Passwall              Tmut/Erth      ##........   8%          2    N/A
e - Petrify               Tmut/Erth      ##......     45%         4    N/A

Dungeon Overview and Level Annotations

Branches:
Dungeon (5/15)
 Temple: D:4-7

Altars:


Innate Abilities, Weirdness & Mutations

You do not eat or drink.
Your flesh is vulnerable to fire.
You are immune to poison.
Your flesh is cold resistant. (rC+)
You are immune to negative energy. (rN+++)
You are immune to unholy pain and torment.
You can survive without breathing.


Message History

You have reached level 6!
Your experience leads to an increase in your attributes!
Increase (S)trength, (I)ntelligence, or (D)exterity?
You feel clever.
You swing at nothing.
You hit the orc but do no damage. The orc misses you.
You closely miss the orc. The orc hits you but does no damage.
You barely miss the orc.
The orc hits you with a dagger of protection.
You closely miss the orc. The orc hits you but does no damage.
You hit the orc but do no damage.
The orc is poisoned.
You barely miss the orc.
The orc is heavily wounded.
The orc hits you but does no damage.
You hit the orc but do no damage.
The orc is severely wounded.
You kill the orc!
The orc wizard casts a spell.
The orc wizard flickers and vanishes!
Deactivating autopickup; reactivate with Ctrl-A.
You hit the orc but do no damage.
The orc is poisoned.
The orc barely misses you.
You hit the orc.
The orc looks even sicker.
The orc is lightly wounded.
You miss the orc wizard. You hit the orc wizard.
The orc wizard is poisoned.
The orc wizard is lightly wounded.
The orc wizard barely misses you.
You hit the orc wizard.
The orc wizard looks as sick as possible!
The orc wizard is moderately wounded.
You kill the orc!
You hear some strange, mumbled words.
The orc wizard points at you and mumbles some strange words.
The puff of flame hits you! The fire burns you terribly!
You closely miss the orc wizard.
The orc wizard is moderately wounded.
You completely miss the orc wizard.
The orc wizard is heavily wounded.
The orc wizard hits you with a dagger.
* * * LOW HITPOINT WARNING * * *
You barely miss the orc wizard.
The orc wizard is severely wounded.
The orc wizard points at you and mumbles some strange words.
You are confused.
You kill the orc wizard!
Your Transmutations skill increases to level 2!
A magic dart appears from out of thin air!
The magic dart hits you!
* * * LOW HITPOINT WARNING * * *
You can't drink.
You're too confused!
You bump into the rock wall.
You bump into the rock wall.
You bump into the rock wall.
You hear some strange, mumbled words.
A puff of frost appears from out of thin air!
The puff of frost hits you! You resist.
* * * LOW HITPOINT WARNING * * *
You barely miss something.
You hear some strange, mumbled words.
A puff of flame appears from out of thin air!
The puff of flame hits you! The fire burns you terribly!
You die...

.............o.o.....
...........##...o....
.............o....!..
.............$.......
.............†#####..
..............').#
..............##o#
...###'####...##.#
#.# #...##@#
#)####...##.##
#......†......
######...##.##
#...##.# #...##.#
######.# #.#


You could see an orc.

Vanquished Creatures
  An ogre (D:5)
  A howler monkey (D:4)
  A hound (D:2)
  An orc priest (D:4)
  2 orc wizards (D:4)
  A worker ant (D:4)
  2 adders (D:2)
  A worm (D:2)
  A dart slug (D:1)
  3 leopard geckos
  4 orcs
  2 bats (D:2)
  A giant cockroach (D:2)
  3 goblins
  2 hobgoblins
  A jackal (D:1)
  A quokka (D:2)
  A frilled lizard (D:2)
  7 kobolds
  A rat (D:1)
37 creatures vanquished.

Notes
Turn   | Place    | Note
-------+----------+-------------------------------------------
     0 | D:1      | Amnesiac the Mummy Earth Elementalist began the quest for the Orb.
     0 | D:1      | Reached XP level 1. HP: 13/13 MP: 4/4
    65 | D:2      | Reached XP level 2. HP: 18/19 MP: 2/5
   794 | D:2      | Reached XP level 3. HP: 10/24 MP: 7/7
  1131 | D:2      | Learned a level 2 spell: Passwall
  1163 | D:2      | Reached skill level 1 in Short Blades
  1163 | D:2      | Reached XP level 4. HP: 19/31 MP: 3/8
  1169 | D:2      | Learned a level 4 spell: Petrify
  1455 | D:2      | You fall through a shaft for 2 floors!
  1466 | D:4      | Noticed a slave
  1469 | D:4      | Noticed an ogre
  1473 | D:4      | Reached XP level 5. HP: 36/36 MP: 4/9
  1491 | D:5      | Entered Level 5 of the Dungeon
  1512 | D:5      | Noticed an ogre
  1516 | D:5      | Noticed an ogre
  1556 | D:5      | Killed an ogre
  1782 | D:4      | Reached skill level 1 in Transmutations
  1822 | D:4      | Reached XP level 6. HP: 32/42 MP: 11/11
  1845 | D:4      | Killed from afar by an orc wizard

Vault maps used:
D:1:      zelgadis_glass_arrival_small, serial_bayou_lagoon_b
D:2:      nicolae_overflow_hidden_temple, minmay_tall_x
D:4:      old_standard_altar, lemuel_coloured_pillars_altar,
          kennysheep_mini_moat, minmay_temple_entry_nine_rooms, uniq_pikel
D:5:      first_ration, lexackson_kobold_supper

Skill      XL: |  1  2  3  4  5  6 |
---------------+-------------------+-----
Earth Magic    | 3 |  3.6
Spellcasting   | 3 |  3.6
Short Blades   | 1 2 3 |  3.1
Transmutations | 1 2 |  2.0
Fighting       | |  0.4
Dodging        | |  1.9
Stealth        | |  1.5

Action                   |  1- 3 |  4- 6 || total
-------------------------+-------+-------++-------
Melee: Dagger            |    79 |    52 ||   131
 Cast: Sandblast         |    15 |    20 ||    35
       Passwall          |       |     2 ||     2
  Use: Scroll            |     3 |       ||     3
 Stab: Sleeping          |       |     1 ||     1
Armor: Robe              |    11 |     9 ||    20
Dodge: Dodged            |    52 |    26 ||    78

Table legend:
 A = Spawn XP
 B = Non-spawn XP
 C = Spawn XP percentage of total XP
 D = Spawn monster count
 E = Non-spawn monster count
 F = Spawn count percentage of total count
 G = Total turns spent on level
                    A         B        C        D         E        F      G
               +---------+---------+-------+---------+---------+-------+---------
         Total |       0 |     450 |   0.0 |       0 |      37 |   0.0 |  1845
               +---------+---------+-------+---------+---------+-------+---------
           D:1 |       0 |      20 |   0.0 |       0 |       9 |   0.0 |   683
           D:2 |       0 |      93 |   0.0 |       0 |      17 |   0.0 |   772
           D:4 |       0 |     216 |   0.0 |       0 |       9 |   0.0 |   273
           D:5 |       0 |     121 |   0.0 |       0 |       2 |   0.0 |   117
               +---------+---------+-------+---------+---------+-------+---------
